Map: Apotheosis LE

Players

OscarRyz - Winner!

  • Race: Zerg Zerg
  • League: Gold
  • Spawn Location: 5:00

Fropez

  • Race: Protoss Protoss
  • League: Gold
  • Spawn Location: 11:00

VOD

Have the link to the VOD?

Description

Time

  • Played on: Oct. 14, 2016, 7:10 p.m.
  • Length: 21:17
Show
View Real Time Build Order
Export as new Build Order

OscarRyz Zerg - Winner!

Build Orders: Hatch First 

Get SALT Encoding   

  12  0:01  Drone  
  13  0:12  Drone  
  14  0:37  Hatchery  
  13  0:44  Drone  
  13  0:47  Overlord  
  14  0:59  Extractor  
  14  1:00  Drone  
  14  1:06  Drone  
  14  1:07  Drone  
  16  1:19  Spawning Pool  
  16  1:21  Drone  
  16  1:29  Drone  
  17  1:39  Drone  
  18  1:49  Drone  
  18  1:50  Drone  
  20  2:07  Queen x2  
  24  2:10  Zergling x2  
  24  2:15  Drone x2  
  27  2:23  Overlord  
  27  2:41  Extractor  
  26  2:48  Metabolic Boost  
  26  2:49  Drone  
  26  2:50  Drone x5  
  32  3:00  Roach Warren  
  31  3:12  Zergling x8  
  34  3:36  Zergling x2  
  35  3:53  Extractor  
  34  3:56  Zergling x2  
  35  4:12  Overlord x2  
  35  4:22  Roach  
  34  4:41  Roach x5  
  42  5:00  Zergling x6  
  42  5:01  Zergling x12  
  50  5:29  Drone x2  
  50  5:31  Overlord x3  
  52  5:52  Zergling x2, Drone, Roach  
  52  5:53  Zergling x2, Drone x2, Roach x2  
  52  5:57  Hatchery  
  62  6:09  Drone x4  
  66  6:12  Extractor  
  66  6:13  Extractor  
  66  6:14  Lair  
  60  6:30  Zergling x6, Drone x4  
  60  6:56  Roach  
  60  6:57  Roach x8  
  76  7:06  Overlord x2  
  74  7:31  Roach x2  
  74  7:32  Roach x5  
  74  7:33  Roach  
  85  7:51  Roach x3  
  83  8:08  Roach x3  
  89  8:37  Overlord x2  
  89  8:40  Drone  
  89  8:41  Drone x6  
  96  8:55  Evolution Chamber  
  93  8:57  Evolution Chamber  
  92  9:04  Glial Reconstitution  
  92  9:06  Drone x6  
  92  9:08  Overlord x3  
  98  9:26  Queen  
  98  9:27  Queen x2  
  98  9:30  Overseer  
  104  9:40  Zerg Missile Weapons Level 1  
  104  9:42  Zerg Ground Armor Level 1  
  104  9:44  Roach  
  106  9:45  Overlord x2  
  106  9:46  Overlord x6  
  102  10:02  Pneumatized Carapace  
  102  10:08  Roach x7  
  102  10:09  Roach x3  
  122  10:25  Spore Crawler  
  110  11:02  Queen x3  
  116  11:04  Drone x3  
  116  11:05  Drone x8  
  116  11:06  Drone x3  
  125  11:37  Queen  
  124  11:58  Zerg Missile Weapons Level 2  
  124  11:59  Zerg Ground Armor Level 2  
  116  12:14  Burrow  
  99  12:40  Roach x5  
  99  12:41  Roach x8  
  125  13:05  Hatchery  
  120  13:25  Roach x4  
  120  13:26  Roach x8  
  120  13:27  Roach x5  
  148  14:02  Roach x6  
  162  14:03  Roach  
  150  14:32  Roach x5  
  154  14:48  Queen x3  
  160  15:11  Infestation Pit  
  159  15:16  Drone  
  159  15:17  Overlord x3  
  159  15:20  Extractor  
  159  15:21  Extractor  
  159  15:23  Queen  
  160  15:35  Queen  
  160  16:03  Queen  
  162  16:06  Hatchery  
  161  16:12  Hive  
  161  16:13  Tunneling Claws  
  161  16:17  Zergling x4, Drone x2, Roach  
  161  16:18  Zergling x8, Drone x3, Roach x5  
  182  17:01  Overlord x2  
  182  17:02  Overlord x8  
  182  17:03  Overlord  
  182  17:26  Hatchery  
  182  17:28  Zerg Missile Weapons Level 3  
  181  17:31  Zerg Ground Armor Level 3  
  181  17:36  Hydralisk Den  
  180  17:37  Drone  
  180  17:38  Zergling x8, Drone x4, Roach x4  
  180  17:39  Overlord  
  195  18:20  Zergling x2, Drone x2, Roach  
  197  18:48  Roach x5  
  191  18:56  Roach x22  
  181  19:23  Viper, Zergling x4, Roach x3  
  181  19:24  Zergling x4, Roach x3  
  200  19:43  Roach x35  
  200  19:46  Overlord x4  
  200  19:47  Overlord  
  197  19:58  Roach x4  
  189  20:00  Roach x32  
  189  20:01  Roach  
  175  20:30  Roach x5  
  175  20:31  Roach x7  
  199  20:36  Overseer x4  
Show
View Real Time Build Order
Export as new Build Order

Fropez Protoss 

Build Orders: Nexus First 

Get SALT Encoding   

  12  0:01  Probe (Chrono Boost)  
  13  0:14  Probe (Chrono Boost)  
  13  0:19  Pylon  
  14  0:25  Probe (Chrono Boost)  
  15  0:37  Probe (Chrono Boost)  
  16  0:48  Probe (Chrono Boost)  
  17  1:03  Nexus  
  17  1:05  Probe (Chrono Boost)  
  18  1:14  Gateway  
  18  1:21  Assimilator  
  18  1:28  Probe (Chrono Boost)  
  19  1:39  Probe (Chrono Boost)  
  20  1:40  Gateway  
  20  1:49  Pylon, Probe (Chrono Boost)  
  21  2:08  Cybernetics Core  
  21  2:10  Assimilator  
  21  2:13  Probe (Chrono Boost)  
  22  2:19  Probe (Chrono Boost)  
  23  2:32  Probe (Chrono Boost)  
  24  2:41  Pylon  
  24  2:44  Adept x2  
  24  2:47  Pylon  
  28  2:53  Mothership Core (Chrono Boost)  
  28  2:57  Assimilator  
  30  2:59  Probe (Chrono Boost)  
  30  3:04  Warp Gate (Chrono Boost)  
  31  3:09  Probe (Chrono Boost)  
  31  3:11  Adept, Probe (Chrono Boost)  
  35  3:22  Gateway  
  35  3:24  Adept  
  37  3:34  Pylon  
  37  3:38  Adept  
  37  3:39  Assimilator  
  38  3:51  Adept  
  40  3:58  Probe  
  40  3:59  Probe  
  42  4:03  Gateway  
  42  4:09  Adept  
  44  4:12  Gateway  
  44  4:15  Gateway  
  40  5:02  Adept x2  
  44  5:39  Adept  
  44  5:40  Adept x2, Probe  
  44  5:42  Probe  
  52  5:44  Pylon  
  52  5:51  Gateway x2  
  52  5:55  Probe  
  52  5:56  Robotics Facility  
  53  5:57  Twilight Council, Probe  
  54  6:07  Probe  
  55  6:13  Adept x3  
  55  6:18  Pylon  
  61  6:20  Pylon, Probe  
  62  6:26  Assimilator  
  62  6:34  Probe  
  62  6:37  Pylon  
  63  6:43  Blink  
  63  6:44  Warp Prism  
  61  6:55  Probe  
  61  6:56  Probe  
  61  7:08  Adept  
  61  7:09  Adept x4  
  61  7:10  Adept  
  69  7:16  Stalker  
  69  7:32  Stalker  
  69  7:33  Stalker  
  49  7:53  Stalker  
  49  7:54  Stalker  
  43  8:08  Stalker  
  44  8:20  Stalker  
  46  8:45  Stalker x3  
  46  8:46  Stalker  
  54  9:00  Stalker  
  56  9:16  Stalker  
  56  9:17  Stalker x2  
  62  9:49  Nexus  
  62  10:09  Pylon  
  62  10:11  Pylon  
  62  10:22  Pylon  
  62  10:32  Stalker x3  
  57  10:44  Stalker  
  49  10:57  Adept x2  
  49  10:59  Adept  
  55  11:10  Probe  
  56  11:13  Pylon  
  50  11:41  Adept x3  
  50  11:42  Adept x4  
  61  12:08  Stalker x4  
  47  12:28  Probe  
  47  12:29  Probe  
  47  12:39  Probe  
  47  12:42  Probe  
  49  12:49  Gateway  
  49  12:53  Stalker  
  49  13:24  Stalker x3  
  49  13:25  Stalker  
  55  14:00  Adept x3  
  55  14:35  Probe  
  55  14:37  Probe  
  51  14:46  Stalker x2  
  51  14:47  Stalker  
  51  14:49  Probe  
  51  14:52  Assimilator  
  58  14:54  Assimilator, Immortal  
  58  14:55  Pylon  
  62  15:12  Pylon  
  62  15:16  Pylon  
  62  15:21  Stalker  
  62  15:22  Stalker x3  
  64  15:48  Immortal  
  66  16:02  Nexus  
  66  16:03  Pylon  
  66  16:11  Probe  
  66  16:12  Probe  
  68  16:27  Stalker x3  
  74  16:58  Stalker x2  
  74  16:59  Stalker x3  
  84  17:09  Probe  
  84  17:10  Probe  
  86  17:21  Assimilator  
  86  17:27  Probe, Assimilator  
  86  17:29  Probe  
  88  17:32  Pylon  
  88  17:44  Forge x2  
  88  17:47  Probe  
  88  17:48  Probe  
  90  18:18  Stalker x4  
  90  18:19  Stalker  
  100  18:27  Gateway  
  94  19:01  Stalker x4  
  90  19:05  Photon Cannon  
  90  19:07  Photon Cannon  
  89  19:17  Pylon  
  88  19:27  Robotics Facility  
  88  19:31  Templar Archives  
  88  19:36  Cybernetics Core  
  88  19:39  Pylon  
  39  20:22  Observer (Chrono Boost)  
  39  20:23  High Templar x2  
  41  20:29  Gateway  
  41  20:30  Pylon  
  41  20:31  Nexus  
  41  20:34  Pylon  
  41  20:54  Gateway  
  41  20:56  Probe x2  
  41  20:58  Gateway x2  
  43  21:05  High Templar x2  
  43  21:09  Archon  
Tags
 
Add a new tag
Caveats
  • Supply blocks, unpowered buildings, or Contaminate may cause inaccurate times.
  • Supply counts are checked every 10 seconds.